 Dungeon Sprint DCSS version 0.31.0-32-g396128a36d (webtiles) character file.

Game seed: 13198704787943611397

11 Groucho the Digger (level 2, -1/15 HPs)
             Began as a Deep Elf Earth Elementalist on Mar 9, 2024.
             Was a Believer of Sif Muna.
             Succumbed to a scorpion's poison
             ... in the Dungeon (Sprint VII: "The Pits").
             The game lasted 00:02:35 (812 turns).

Groucho the Digger (Deep Elf Earth Elementalist)     Turns: 812, Time: 00:02:36

Health: -1/15      AC:  2    Str:  5    XL:     2   Next: 13%
Magic:  7/9        EV: 12    Int: 19    God:    Sif Muna [**....]
Gold:   0          SH:  0    Dex: 15    Spells: 8/9 levels left

rFire   . . .        h - +2 dagger
rCold   . . .        (no shield)
rNeg    . . .        a - +0 robe
rPois   .            (no helmet)
rElec   .            (no cloak)
rCorr   .            (no gloves)
SInv    .            (no boots)
Will    .....        (no amulet)
Stlth   ++           (no ring)
HPRegen 0.22/turn    (no ring)
MPRegen 0.11/turn

%: no teleportation
@: lethally poisoned (-1 -> -16)
A: no striking features
a: Renounce Religion, Channel Magic


You were in the Dungeon.
You worshipped Sif Muna.
Sif Muna was pleased with you.
You visited 1 branch

Inventory:

Hand Weapons
 h - a +2 dagger (weapon)
Missiles
 m - 10 stones
Armour
 a - a +0 robe (worn)
Scrolls
 g - a scroll of blinking
 j - 2 scrolls of vulnerability
 k - 5 scrolls of amnesia
 l - a scroll of summoning
Potions
 b - 5 potions of magic
 d - a potion of heal wounds
 f - 3 potions of berserk rage
 i - 2 potions of invisibility


   Skills:
 - Level 2.4 Dodging
 - Level 2.4 Stealth
 + Level 4.2 Spellcasting
 * Level 3.0 Conjurations
 * Level 4.3 Earth Magic


You had 8 spell levels left.
You knew the following spells:

 Your Spells              Type           Power      Damage    Failure   Level
a - Sandblast             Erth           40%        2d10      2%          1

Your spell library contained the following spells:

 Spells                   Type           Power      Damage    Failure   Level
 Passwall                 Erth           20%        N/A       7%          3
 Stone Arrow              Conj/Erth      36%        3d9       9%          3
 Brom's Barrelling Bould  Conj/Erth      18%        2d4       28%         4
 Petrify                  Alch/Erth      12%        N/A       47%         4


Dungeon Overview and Level Annotations

Branches:
Dungeon (1/1)

Altars:
Ashenzari
Cheibriados
Dithmenos
Elyvilon
Fedhas
Gozag
Hepliaklqana
Kikubaaqudgha
Makhleb
Nemelex Xobeh
Okawaru
Qazlal
Ru
Sif Muna
Trog
Uskayaw
Vehumet
Wu Jian
Xom
Yredelemnul
Zin
The Shining One
Jiyva
Lugonu


Message History

a +0 club; a goblin skeleton
There is an open door here.
There is an open door to the Temple (Safe) here.
You feel yourself slow down.
There is a viscous altar of Jiyva here.
The scorpion barely misses you.
There is a hazy altar of Hepliaklqana here.
There is a sacrificial altar of Ru here.
The scorpion stings you! The scorpion barely misses you.
Aiming: Sandblast (safe; 2% risk of failure)
Press: ? - help, Q - select action, (/) - cycle Shift-Dir - straight line, f/p - scorpion
Aim: a scorpion (lightly wounded, 83% to hit)
The blast of sand hits the scorpion but does no damage.
The scorpion is lightly wounded.
The scorpion stings you but does no damage.
The quokka skeleton bites you. The scorpion stings you.
* * * LOW HITPOINT WARNING * * *
You are lethally poisoned!
The scorpion poisons you!
The quokka skeleton bites you but does no damage.
Unknown command.
Unknown command.
You feel better.
The scorpion stings you but does no damage.
The quokka skeleton bites you.
Aiming: Sandblast (safe; 2% risk of failure)
Press: ? - help, Q - select action, (/) - cycle Shift-Dir - straight line, f - quokka skeleton, p - scorpion
Aim: a quokka skeleton (92% to hit)
The blast of sand hits the quokka skeleton!
You destroy the quokka skeleton!
Sif Muna accepts your kill. The scorpion stings you.
You are poisoned.
The scorpion poisons you! The scorpion stings you.
* * * LOW HITPOINT WARNING * * *
You are more poisoned.
The scorpion poisons you!
Your Conjurations skill increases to level 3!
You die...

############ #_________.#
#_______s_.#
#_______...###########++###
##########@##..............
#....')))'.##......#..#....
##########.##..............
#...........+.s............
#+#####'#####......#..#....
#..)..# #..............
#..)..# ####'#####++###
###'### #.......# #รท.Z..#
#.......#


You could see a scorpion.

Vanquished Creatures
  A bat (D)
  An endoplasm (D)
  A giant cockroach (D)
  3 jackals (D)
  2 goblins (D)
  A quokka skeleton (D)
9 creatures vanquished.

Notes
Turn   | Place    | Note
-------+----------+-------------------------------------------
     0 | D        | Groucho the Deep Elf Earth Elementalist began the quest for
                  | the Orb.
     0 | D        | Reached XP level 1. HP: 10/10 MP: 6/6
   493 | D        | Found a glowing golden altar of the Shining One.
   493 | D        | Found a glowing silver altar of Zin.
   493 | D        | Found a basalt altar of Yredelemnul.
   493 | D        | Found a shimmering altar of Xom.
   493 | D        | Found an ornate altar of the Wu Jian Council.
   493 | D        | Found a bloodstained altar of Trog.
   493 | D        | Found a shimmering blue altar of Sif Muna.
   493 | D        | Found a sacrificial altar of Ru.
   493 | D        | Found a stormy altar of Qazlal.
   493 | D        | Found an iron altar of Okawaru.
   493 | D        | Found a sparkling altar of Nemelex Xobeh.
   493 | D        | Found a burning altar of Makhleb.
   493 | D        | Found a viscous altar of Jiyva.
   493 | D        | Found a hazy altar of Hepliaklqana.
   493 | D        | Found an opulent altar of Gozag.
   493 | D        | Found a blossoming altar of Fedhas.
   493 | D        | Found a white marble altar of Elyvilon.
   493 | D        | Found a shadowy altar of Dithmenos.
   493 | D        | Found a snail-covered altar of Cheibriados.
   494 | D        | Found a radiant altar of Vehumet.
   494 | D        | Found a corrupted altar of Lugonu.
   495 | D        | Found an ancient bone altar of Kikubaaqudgha.
   495 | D        | Found a hide-covered altar of Uskayaw.
   495 | D        | Found a broken altar of Ashenzari.
   496 | D        | Became a worshipper of Sif Muna the Loreminder
   517 | D        | Reached * piety under Sif Muna
   541 | D        | Reached XP level 2. HP: 15/15 MP: 7/9
   733 | D        | Noticed a scorpion
   733 | D        | Noticed a scorpion
   811 | D        | Reached ** piety under Sif Muna
   812 | D        | Succumbed to a scorpion's poison

Illustrated notes

Levels and vault maps discovered:
D:        pitsprint [storerooms_1, entrance_room_1, metal_vault_6, armoury_3,
          mini_pit_1, grid_room_1, main_hall_1, silver_pit, the_coven_1,
          the_vestibule_1, steel_vault_3, golden_pit, hallway_of_sentries,
          crystal_vault_6, iron_vault_1, final_vault]

Skill      XL: |  1  2 |
---------------+-------+-----
Conjurations   | 2 3 |  3.0
Spellcasting   | 4 |  4.2
Earth Magic    | 4 |  4.3
Dodging        | |  2.4
Stealth        | |  2.4

Action                     || total
---------------------------++-------
   Cast: Sandblast         ||    16
    Use: Potion            ||     2
 Armour: Robe              ||    12
  Dodge: Dodged            ||     8
